 Dungeon Crawl Stone Soup version 0.27.0-1-g7a089689b8 (webtiles) character file.

Game seed: 9000943580173616745

65 SunEater the Covered (level 3, 0/33 HPs)
             Began as a Minotaur Fighter on Aug 16, 2021.
             Slain by Robin (7 damage)
             ... on level 2 of the Dungeon.
             The game lasted 00:03:02 (1287 turns).

SunEater the Covered (Minotaur Fighter)             Turns: 1287, Time: 00:03:03

Health: 0/33       AC:  7    Str: 21    XL:     3   Next: 92%
Magic:  2/2        EV:  7    Int:  5    God:
Gold:   46         SH:  9    Dex:  9    Spells: 2/2 levels left

rFire    . . .     SeeInvis .   a - +0 war axe
rCold    . . .     Faith    .   c - +0 kite shield
rNeg     . . .     Spirit   .   b - +0 scale mail
rPois    .         Reflect  .   (helmet restricted)
rElec    .         Harm     .   (no cloak)
rCorr    .         Rampage  .   (no gloves)
Will     .....                  (no boots)
Stlth    ..........             (no amulet)
HPRegen  0.11/turn              (no ring)
MPRegen  0.08/turn              (no ring)

@: no status effects
A: horns 2, retaliatory headbutt
a: no special abilities


You were on level 2 of the Dungeon.
You visited 1 branch of the dungeon, and saw 2 of its levels.

You collected 46 gold pieces.

Inventory:

Hand Weapons
 a - a +0 war axe (weapon)
Armour
 b - a +0 scale mail (worn)
 c - a +0 kite shield (worn)
 e - a +2 leather armour of poison resistance
Potions
 d - a potion of might
 f - a potion of curing {unknown}


   Skills:
 + Level 4.0 Fighting
 + Level 3.3 Axes
 + Level 4.5 Armour
 + Level 4.2 Shields


You had 2 spell levels left.
You didn't know any spells.
Your spell library was empty.

Dungeon Overview and Level Annotations

Branches:
Dungeon (2/15)

Altars:

Shops:
D:1 *

Annotations:
D:2 Robin


Innate Abilities, Weirdness & Mutations

You have a pair of horns on your head.
You reflexively headbutt those who attack you in melee.


Message History

You hit the goblin. You barely miss the goblin.
You hit the goblin but do no damage.
The goblin hits you but does no damage. x2
The goblin completely misses you.
You miss the goblin. You headbutt the goblin.
You kill the goblin!
You slash the goblin!
You kill the goblin!
You barely miss the goblin. x2; The goblin hits you but does no damage. x2
You block the goblin's attack.
The goblin hits you but does no damage. x2
The goblin closely misses you. You furiously retaliate!
You headbutt the goblin!
You kill the goblin!
You barely miss the goblin.
The goblin is heavily wounded.
You hit the goblin.
You kill the goblin!
You hit the hobgoblin but do no damage. You miss the goblin.
You block the goblin's attack. The hobgoblin hits you.
The goblin hits you with a +0 club.
You slash the goblin!
You kill the goblin!
You hit the hobgoblin.
You kill the hobgoblin!
Your shield prevents you from hitting the goblin.
Robin of the Strong Arm comes into view.
They are wielding a +0 trident.
The goblin barely misses you. You block the goblin's attack.
You slash the goblin!
You kill the goblin!
You hit the goblin.
You kill the goblin!
Robin roars a battlecry!
A goblin comes into view. It is wielding a +0 dagger.
Robin hits you with a +0 trident.
Items here: ))) †††.
You hit Robin.
Robin is moderately wounded.
Robin hits you with a +0 trident.
* * * LOW HITPOINT WARNING * * *
Robin hits you with a +0 trident!
You die...

....(..... .........
............# #########
............#
............# ########
............# #......#
.!..........###.≈≈≈..###
......(.........≈_≈.....
.......)))......≈≈≈.....
.......@.)..............
###...g################.
#...g #. #.... #. #....
#. #.... #. #.... #....


You could see Robin and a goblin (strong).

Vanquished Creatures
  An adder (D:2)
  4 dart slugs (D:1)
  4 ball pythons
  2 endoplasms (D:1)
  2 giant cockroaches (D:1)
  9 goblins (D:2)
  5 hobgoblins
  4 jackals (D:1)
  4 quokkas
  4 bats (D:1)
  A frilled lizard (D:1)
  A rat (D:1)
41 creatures vanquished.

Notes
Turn   | Place    | Note
-------+----------+-------------------------------------------
     0 | D:1      | SunEater the Minotaur Fighter began the quest for the Orb.
     0 | D:1      | Reached XP level 1. HP: 19/19 MP: 0/0
    31 | D:1      | Reached XP level 2. HP: 11/27 MP: 1/1
   241 | D:1      | Found Kecos's Assorted Antiques.
   637 | D:1      | Reached XP level 3. HP: 33/33 MP: 2/2
  1256 | D:2      | Found a faded altar of an unknown god.
  1284 | D:2      | Noticed Robin
  1287 | D:2      | Slain by Robin

Illustrated notes

Levels and vault maps discovered:
D:1:      dpeg_arrival_water_temple_mockup, layout_basic, serial_shops, shop
D:2:      layout_basic, hellmonk_ecumenical_altar_pennies_from_heaven,
          minmay_tetromino_t2, uniq_robin

Skill      XL: |  1  2  3 |
---------------+----------+-----
Armour         | 4 |  4.5
Shields        | 4 |  4.2
Axes           | 3 |  3.3
Fighting       | 4 |  4.0

Action                   || total
-------------------------++-------
Melee: War axe           ||    67
       Headbutt          ||    16
Armor: Scale mail        ||    61
Dodge: Dodged            ||    34
Block: Kite shield       ||    49
